Unix NetHack Version 3.7.0-89 Work-in-progress - last build Sep 24 2023 19:26:52 (48e034876007844a536bf88644040a71d2893410,branch:master). Game began 2023-10-08 13:28:20, ended 2023-10-08 16:46:28. spontiff, neutral male gnomish Healer -------- --- #--- --- --....|.#-### #-#.-##-.----- ------.---- |..--....#.## # #-....##".....| |.........-- --##--......## |.*....*......-- |......*)..-- #**|.......-- |.....[........| ----------..........| --- ####-.......| ----.[.[.#-#....-- --.--...........<..--- --.--- |--.....- --....>...# #...-| |......----..---...| |....|-#####-....|...| --..-......##|-...| --..[--- |.....-..--- --...--.........--...|--...........#|....--- |.).| |.---......-- --......-#-#--.##...--|...........-|--.....--- --..| --.| ---.....| ---- |....---# ---.|#.##----...........---.......| |..| |..-- --....| |@.| --.---- |..(##.| |..^.###.##.......----..| ---..| --..| --.--- |r.| |..| #.|....---|.--## ##---......| --- |....-- --..-- --- --.--|.-- -###.|.......|.| |....--- ----^--..| |....| |...|.| ##....###----...-----------.------- |....|--.| --...-- ---.|.| #....## |.....................---|.---- |.| --...| ------ |...| #.*..## |.....---------------..|.|.| |.--- |...---....| --..| #-##..# --....| --.....| |...-- --.........-- |..| ##### |..--- --....| |....| |..........| |..| ---- --.--- ---..| ---------.-- ---- --- ---- --- Spontiff the Rhizotomist St:12 Dx:8 Co:16 In:9 Wi:16 Ch:16 Neutral S:304 Dlvl:6 $:0 HP:0(20) Pw:2(2) AC:10 Xp:1/1 T:5375 Latest messages: You drop 4 uncursed darts. You drop an uncursed scroll labeled READ ME. You drop a cursed pair of jungle boots. The sewer rat misses! You were wearing an uncursed +1 pair of leather gloves. You stop disrobing. The sewer rat bites! The large dog bites the wererat. The wererat is killed! The large dog eats a sewer rat corpse. You see here 6 rocks. The large dog picks up a rock. The large dog eats a cave spider corpse. The large dog bites the floating eye. The large dog is frozen by the floating eye's gaze! What do you want to drop? [ghq or ?*] g You drop an uncursed +1 pair of leather gloves. You turn into a wererat! You shrink out of your cloak! You rebalance your load. Movement is difficult. Your helm falls to the floor! Your movements are now unencumbered. Use the command #monster to summon help. You descend the stairs. You climb up the stairs. The sewer rat bites! Not carrying anything. You materialize in a different location! You see here a locked large box. You have no hands! You stop. The gnome lord is in the way! You swap places with the peaceful gnome lord. You hear some noises in the distance. You hear crashing rock. You hear crashing rock. You hear crashing rock. You hear some noises in the distance. You stop searching. You stop searching. The sewer rat bites! The sewer rat bites! The sewer rat bites! The sewer rat bites! The sewer rat bites! The sewer rat bites! The sewer rat bites! You return to gnomish form! The sewer rat bites! You die... Do you want to see the dungeon overview? [ynq] (y) q Inventory: Not carrying anything. Spontiff the Healer's attributes: Background: You were a Rhizotomist, a level 1 male gnomish Healer. You were neutral, on a mission for Hermes who was opposed by Athena (lawful) and Poseidon (chaotic). You were in the Gnomish Mines, on level 6. You entered the dungeon 5375 turns ago. You had 1 experience point, 19 more were needed to attain level 2. Your score was 304 before end-of-game adjustments. Basics: You had 0 out of 20 hit points. You had both energy points (spell power). Your armor class was 10. Your wallet was empty. Autopickup was on for '$!/="?' plus thrown, with exceptions. Final Characteristics: Your strength was 12 (limit:18/50). Your dexterity was 8 (limit:18). Your constitution was 16 (limit:18). Your intelligence was 9 (limit:19). Your wisdom was 16 (limit:18). Your charisma was 16 (limit:18). Final Status: You were not hungry. You were unencumbered. You were bare handed. You were unskilled in bare handed combat. You were not wearing any armor. Final Attributes: You were devoutly aligned. You were poison resistant. You were level-drain resistant. You had infravision. You were a wererat. You were harmed by silver. You are dead. Miscellaneous: You never encountered a bones level. Total elapsed playing time was 1 hour, 52 minutes and 54 seconds. Major events: Turn 1: spontiff the neutral male gnomish Healer entered the dungeon 2317: entered the Gnomish Mines 5375: killed by a sewer rat Vanquished creatures: a shrieker 3 little dogs a floating eye a dwarf a homunculus 2 kobold leaders a giant bat 2 orc zombies a wererat a werejackal 5 iguanas 4 acid blobs 4 hobbits 2 large kobolds a hobgoblin a giant rat 4 cave spiders a brown mold a yellow mold a green mold 6 gnomes 4 gnome zombies 5 geckos 10 jackals 3 foxes 2 kobolds 3 goblins 6 sewer rats 11 grid bugs 3 bats 9 lichens 4 kobold zombies 10 newts 114 creatures vanquished. No species were genocided or became extinct. Voluntary challenges: You never hit with a wielded weapon. You read items or engraved 3 times. You engraved Elbereth 1 time. You never genocided any monsters. You never polymorphed an object. You used no wishes. Achievement: You entered the Gnomish Mines. The Dungeons of Doom: levels 1 to 7 Level 1: "vault; stashlet" An altar. Level 2: "iron bars" Level 3: A fountain. Level 4: "vault" Stairs down to The Gnomish Mines. Level 5: Level 6: Many fountains. Oracle of Delphi. Level 7: An altar. The Gnomish Mines: levels 5 to 7 Level 5: Level 6: <- You were here. Final resting place for you, killed by a sewer rat. Level 7: Game over: ---------- / \ / REST \ / IN \ / PEACE \ / \ | spontiff | | 0 Au | | killed by a | | sewer rat | | | | | | 2023 | *| * * * | * _________)/\\_//(\/(/\)/\//\/|_)_______ Goodbye spontiff the Healer... You died in The Gnomish Mines on dungeon level 6 with 304 points, and 0 pieces of gold, after 5375 moves. You were level 1 with a maximum of 20 hit points when you died.